 Dungeon Crawl Stone Soup version 0.20.1-1-g8b1a95d (webtiles) character file.

84 n0claF the Slasher (level 4, -1/34 HPs)
             Began as a Demonspawn Gladiator on Oct 27, 2017.
             Slain by a sky beast (5 damage)
             ... on level 3 of the Dungeon.
             The game lasted 00:04:15 (1900 turns).

n0claF the Slasher (Demonspawn Gladiator)           Turns: 1900, Time: 00:04:15

Health: -1/34      AC: 10    Str: 16    XL:     4   Next: 24%
Magic:  4/4        EV:  5    Int:  9    God:
Gold:   102        SH:  0    Dex: 14    Spells: 3/3 levels left

rFire    . . .     SeeInvis .   a - +0 long sword
rCold    . . .     Gourm    .   (no shield)
rNeg     . . .     Faith    .   r - +0 plate armour
rPois    .         Spirit   .   (helmet restricted)
rElec    .         Reflect  .   (no cloak)
rCorr    .         Harm     .   (no gloves)
MR       .....                  (no boots)
Stlth    ..........             (no amulet)
Regen    0.2/turn               (no ring)
MPRegen  0.1/turn               (no ring)

@: no status effects
A: antennae 1, hooves 1, powered by pain 1
a: no special abilities


You were on level 3 of the Dungeon.
You were not hungry.

You visited 1 branch of the dungeon, and saw 3 of its levels.

You collected 102 gold pieces.

Inventory:

Hand Weapons
 a - a +0 long sword (weapon)
Missiles
 d - 3 throwing nets (quivered)
Armour
 c - a +0 helmet
 r - a +0 plate armour (worn)
Wands
 s - a wand of acid (9/15)
 u - a wand of lightning (4/15)
Scrolls
 e - 2 scrolls of enchant armour {unknown}
 g - a scroll of remove curse {unknown}
 k - a scroll of random uselessness {unknown}
 m - a scroll of immolation {unknown}
 n - 6 scrolls of amnesia {unknown}
 o - a scroll of fog {unknown}
 v - a scroll of identify {unknown}
Potions
 b - 2 potions of magic {unknown}
 h - a potion of curing {unknown}
 i - a potion of mutation {unknown}
 j - a potion of degeneration {unknown}
 l - 2 potions of brilliance {unknown}
 p - a potion of lignification {unknown}
 t - a potion of berserk rage {unknown}
 w - a potion of heal wounds {unknown}
 x - a potion of cancellation {unknown}
Comestibles
 f - a bread ration
 q - 2 royal jellies


   Skills:
 + Level 2.8 Fighting
 + Level 3.7 Long Blades
 + Level 2.0 Throwing
 + Level 0.3 Armour
 + Level 3.0 Dodging


You had 3 spell levels left.
You didn't know any spells.

Dungeon Overview and Level Annotations

Branches:
Dungeon (3/15)

Altars:
Fedhas
Zin
The Shining One


Innate Abilities, Weirdness & Mutations

You have a pair of small antennae on your head.
You have large cloven feet.
You sometimes gain a little power by taking damage.


Message History

A goblin and a dart slug come into view.
There are monsters nearby!
There are monsters nearby!
Unknown command.
There are monsters nearby!
The sky beast barely misses you.
You miss the sky beast. Your kick misses the sky beast.
The sky beast is severely wounded.
The sky beast hits you but does no damage.
The kobold throws a stone.
The stone completely misses you.
You hit the sky beast.
You kick the sky beast, but do no damage.
The sky beast is almost dead.
The sky beast hits you but does no damage.
You hit the kobold.
You kill the kobold!
The sky beast hits you.
* * * LOW HITPOINT WARNING * * *
The sky beast shocks you.
You die...

.............##.##
#..............##.#
#..............##.##
#.....(.............
#............<..#.#.
#...........†.†.#.#.
#...............#.#
#.............#+#.
#@................
#)Y.........≈..≈..
.....................≈..
...................?....
....>...............#.#.
#.................<...#.
#.....)..########+#####
gw.......# w........#


You could see a sky beast and a dart slug.

Vanquished Creatures
  3 adders (D:2)
  2 worms (D:2)
  A dart slug (D:2)
  2 leopard geckos
  5 giant cockroaches
  5 hobgoblins
  6 bats
  4 frilled lizards
  6 goblins
  9 kobolds
  8 rats
51 creatures vanquished.

Notes
Turn   | Place    | Note
-------+----------+-------------------------------------------
     0 | D:1      | n0claF the Demonspawn Gladiator began the quest for the Orb.
     0 | D:1      | Reached XP level 1. HP: 16/16 MP: 1/1
    27 | D:1      | Found a glowing golden altar of the Shining One.
   572 | D:1      | Gained mutation: You have large cloven feet. [demonic ancestry]
   572 | D:1      | Reached XP level 2. HP: 22/22 MP: 2/2
  1028 | D:2      | Found a blossoming altar of Fedhas.
  1087 | D:2      | Gained mutation: You have a pair of small antennae on your head. [demonic ancestry]
  1087 | D:2      | Reached XP level 3. HP: 15/28 MP: 3/3
  1412 | D:2      | Gained mutation: You sometimes gain a little power by taking damage. [demonic ancestry]
  1412 | D:2      | Reached XP level 4. HP: 34/34 MP: 4/4
  1620 | D:2      | Found a glowing silver altar of Zin.
  1860 | D:3      | Noticed a sky beast
  1900 | D:3      | Slain by a sky beast

Skill      XL: |  1  2  3 |
---------------+----------+-----
Long Blades    | 3 |  3.7
Throwing       | 2 |  2.0
Dodging        | 3 |  3.0
Fighting       | |  2.8
Armour         | |  0.3

Action                   |  1- 3 |  4- 6 || total
-------------------------+-------+-------++-------
Melee: Long sword        |    92 |    51 ||   143
       Kick              |    15 |    17 ||    32
  Eat: Chunk             |     1 |     2 ||     3
Armor: Leather armour    |    27 |       ||    27
       Plate armour      |    32 |    37 ||    69
Dodge: Dodged            |    56 |    14 ||    70
       Rpst.: Long sword |    16 |     7 ||    23
